 Dungeon Crawl Stone Soup version 0.28.0 (webtiles) character file.

Game seed: 6782884763239514107

5142 HallandMoats the Grappler (level 10, 0/91 HPs)
             Began as a Ghoul Monk on Feb 12, 2022.
             Was a High Priest of Jiyva.
             Slain by a cyclops (25 damage)
             ... on level 8 of the Dungeon.
             The game lasted 00:08:09 (6239 turns).

HallandMoats the Grappler (Ghoul Monk)              Turns: 6239, Time: 00:08:10

Health: 0/91       AC:  8    Str: 20    XL:     10   Next: 58%
Magic:  13/13      EV: 13    Int:  5    God:    Jiyva [*****.]
Gold:   255        SH:  0    Dex: 11    Spells: 9/9 levels left

rFire   . . .      SeeInvis .     - Unarmed
rCold   + . .      Faith    .   (no shield)
rNeg    + + +      Spirit   .   K - +0 troll leather armour
rPois   ∞          Reflect  .   p - +0 helmet
rElec   .          Harm     .   y - +0 cloak
rCorr   +          Rampage  .   (no gloves)
Will    .....                   b - +0 pair of boots
Stlth   ++........              (no amulet)
HPRegen 1.44/turn               (no ring)
MPRegen 0.58/turn               (no ring)

@: inhibited regen
A: claws 1, cold resistance 1, negative energy resistance 3, inhibited
regeneration, torment resistance 2
a: Renounce Religion, Oozemancy, Slimify


You were on level 8 of the Dungeon.
You worshipped Jiyva.
Jiyva was extremely pleased with you.
You visited 1 branch of the dungeon, and saw 8 of its levels.
You also visited: Ossuary.

You collected 255 gold pieces.

Inventory:

Hand Weapons
 g - a +2 rapier of venom
 l - a +2 trident of venom
Missiles
 D - a throwing net (quivered)
Armour
 b - a +0 pair of boots (worn)
 p - a +0 helmet (worn)
 y - a +0 cloak (worn)
 K - a +0 troll leather armour (worn)
Jewellery
 C - an amulet of faith
 I - a ring of fire
Wands
 o - a wand of flame (55)
 z - a wand of polymorph (11)
 E - a wand of digging (5)
 F - a wand of mindburst (17)
Scrolls
 c - a scroll of amnesia {unknown}
 d - 3 scrolls of blinking {unknown}
 f - 8 scrolls of identify {unknown}
 k - a scroll of torment {unknown}
 n - 4 scrolls of fog {unknown}
 q - a scroll of teleportation {unknown}
 t - a scroll of enchant armour {unknown}
 u - 2 scrolls of fear {unknown}
 B - a scroll of enchant weapon {unknown}
 G - a scroll of vulnerability {unknown}
Potions
 a - a potion of might {unknown}
 e - a potion of heal wounds {unknown}
 i - 2 potions of magic {unknown}
 j - a potion of attraction {unknown}
 m - 2 potions of cancellation {unknown}
 r - 3 potions of curing {unknown}
 s - a potion of flight {unknown}
 v - a potion of invisibility {unknown}
 w - 2 potions of ambrosia {unknown}
 x - a potion of mutation {unknown}
 A - 2 potions of brilliance {unknown}
 H - a potion of lignification {unknown}
 J - 2 potions of degeneration {unknown}


   Skills:
 * Level 9.6 Fighting
 + Level 5.2 Armour
 + Level 5.9 Dodging
 - Level 2.1 Stealth
 * Level 9.7 Unarmed Combat
 + Level 6.1 Invocations


You had 9 spell levels left.
You didn't know any spells.
Your spell library contained the following spells:

 Spells                   Type           Power      Damage    Failure   Level
 Foxfire                  Conj/Fire      0%         2x1d4     52%         1
 Slow                     Hex            0%         N/A       52%         1
 Confusing Touch          Hex            0%         N/A       88%         3
 Vampiric Draining        Necr           0%         2d6       88%         3
 Flame Wave               Conj/Fire      0%         2d4       99%         4
 Leda's Liquefaction      Hex/Erth       0%         N/A       99%         4
 Alistair's Intoxication  Tmut/Pois      0%         N/A       100%        5
 Lee's Rapid Deconstruct  Erth           0%         3d5*      100%        5
 Eringya's Noxious Bog    Tmut/Pois      0%         N/A       100%        6
 Spider Form              Tmut/Pois      Unusable   N/A       N/A         3
 Statue Form              Tmut/Erth      Unusable   N/A       N/A         6

Dungeon Overview and Level Annotations

Branches:
Dungeon (8/15)             Temple (0/1) D:5         Ossuary (visited)
   Lair: D:8-11

Altars:
Vehumet
Jiyva

Shops:
D:3 =


Innate Abilities, Weirdness & Mutations

You thrive by killing the living.
You are immune to poison.
You have sharp fingernails.
Your flesh is cold resistant. (rC+)
You are immune to negative energy. (rN+++)
You do not regenerate when monsters are visible.
You are immune to unholy pain and torment.


Message History

You feel better.
Things that are here:
a +1 dire flail of protection; a +0 chain mail; an orc corpse
There is a stone staircase leading down here.
You start resting.
You hear a slurping noise.
HP restored.
You climb downwards.
The cyclops hits the jelly!!
The cyclops is burned by acid!
The jelly hits the cyclops but does no damage.
There is a stone staircase leading up here.
The cyclops throws a large rock.
The large rock hits the jelly!!
The jelly dies!
The cyclops hits you!!
You scratch the cyclops.
The cyclops is moderately wounded.
You scratch the cyclops.
The cyclops is moderately wounded.
The cyclops hits you!
You claw the cyclops!
The cyclops is heavily wounded.
A two-headed ogre comes into view.
It is wielding two +0 giant spiked clubs.
The cyclops closely misses you.
You claw the cyclops! You claw the cyclops.
The cyclops is severely wounded.
You barely miss the cyclops. You claw the cyclops.
The cyclops is severely wounded.
The cyclops hits you!!
You scratch the cyclops.
The cyclops is almost dead.
You barely miss the cyclops.
The cyclops is almost dead.
The cyclops hits you!!
* * * LOW HITPOINT WARNING * * *
You shudder from the blow and a jelly pops out!
You scratch the cyclops.
The cyclops is almost dead.
A manticore comes into view.
The cyclops hits you!!
You die...

##♣.♣## ###
#.♣.♣.#♣♣o♣♣
#♣.♣.♣#♣.♣.♣#
#.♣.♣.#.F♣..#
#♣.♣.♣#.♣♣♣.#
#.♣J♣.#..♣y.# ♣
##♣'♣##♣.♣y♣#
♣♣♣.#..>..#..#y.#
....'..8.@CO#)#y.$yTy!
♣♣.#..<.J#.H#..##C)y#
♣. ##♣'♣##♣.♣.♣# ..#
♣. ♣♣.♣ ..♣.. #. .
♣.♣.♣#.♣♣♣.# #.♣♣♣.#.
.# #♣ ♣#♣ ♣#


You could see a two-headed ogre, a manticore, a cyclops (ally target), a neutral
jelly (wandering)(fellow slime) and a friendly quicksilver ooze (summoned).

Vanquished Creatures
  A centaur warrior (D:8)
  A two-headed ogre (D:8)
  A troll (D:7)
  A meliai (D:8)
  Grinder (D:5)
  A hornet (D:7)
  Prince Ribbit (D:5)
  A wraith (Ossuary)
  A shadow (D:7)
  A wyvern (D:8)
  Menkaure (D:7)
  An acid dragon (D:6)
  5 water moccasins
  An ice beast (D:5)
  3 orc warriors
  2 black bears
  4 centaurs
  An ogre (D:6)
  A kobold brigand (D:8)
  2 bullfrogs (D:8)
  Blork the orc (D:5)
  2 scorpions
  A water moccasin skeleton (D:4)
  5 killer bees
  A bullfrog zombie (D:5)
  An orc priest (D:4)
  2 bullfrog skeletons
  Crazy Yiuf (D:4)
  3 hounds
  An iguana (D:6)
  6 orc wizards
  2 hound skeletons (D:4)
  A mummy (Ossuary)
  2 howler monkey zombies
  6 adders
  A shadow imp (D:6)
  6 worms
  A dart slug (D:2)
  22 orcs
  5 bats
  4 endoplasms (D:1)
  A giant cockroach (D:1)
  7 goblins
  7 hobgoblins
  4 jackals (D:1)
  11 kobolds
  2 quokkas
  5 ball pythons
  5 gnoll skeletons (Ossuary)
  4 kobold skeletons (Ossuary)
  14 orc skeletons (Ossuary)
  7 rats
172 creatures vanquished.

Vanquished Creatures (others)
  A troll (D:8)
  A bullfrog (D:7)
  A scorpion (D:4)
  16 jellies
  An electric eel (D:8)
  A hound (D:5)
  2 iguanas
  A hound skeleton (D:4)
  An adder (D:2)
  2 worms
  2 dart slugs
  4 endoplasms
  5 orcs
  A bat (D:2)
  A giant cockroach (D:3)
  A hobgoblin (D:4)
  A quokka (D:4)
  2 ball pythons
  3 goblins (D:4)
  A kobold (D:3)
  2 orc skeletons (Ossuary)
  3 rats
  2 fungi (D:4)
55 creatures vanquished.

Grand Total: 227 creatures vanquished

Notes
Turn   | Place    | Note
-------+----------+-------------------------------------------
     0 | D:1      | HallandMoats the Ghoul Monk began the quest for the Orb.
     0 | D:1      | Reached XP level 1. HP: 19/19 MP: 0/0
    38 | D:1      | Reached XP level 2. HP: 14/26 MP: 1/1
   289 | D:1      | Got the Catalogue of Cankerous Flames
   694 | D:1      | Found a faded altar of an unknown god.
   807 | D:1      | Reached XP level 3. HP: 30/31 MP: 2/2
  1177 | D:1      | Prayed at the altar of an unknown god.
  1177 | D:1      | Became a worshipper of Jiyva Josaro the Shapeless
  1177 | D:1      | Reached * piety under Jiyva
  1177 | D:1      | Reached ** piety under Jiyva
  1314 | D:2      | Reached *** piety under Jiyva
  1550 | D:2      | Reached skill level 1 in Invocations
  1550 | D:2      | Reached XP level 4. HP: 40/40 MP: 3/3
  1698 | D:2      | Reached skill level 1 in Armour
  1815 | D:3      | Found Bunyixal's Jewellery Shoppe.
  1825 | D:3      | Reached XP level 5. HP: 42/46 MP: 3/5
  2070 | D:3      | Reached XP level 6. HP: 49/53 MP: 6/6
  2232 | D:3      | Reached **** piety under Jiyva
  2257 | D:3      | Noticed a water moccasin
  2288 | D:3      | Killed a water moccasin
  2289 | D:3      | Reached skill level 5 in Fighting
  2289 | D:3      | Reached skill level 5 in Unarmed Combat
  2312 | D:3      | Found a radiant altar of Vehumet.
  2587 | D:4      | Reached XP level 7. HP: 61/61 MP: 7/7
  2781 | D:4      | Found a sand-covered staircase.
  2805 | Ossuary  | Entered an ossuary
  2805 | Ossuary  | Noticed a wraith
  2805 | Ossuary  | Noticed a wraith
  2805 | Ossuary  | Noticed a wraith
  2919 | Ossuary  | Noticed a wraith
  2948 | Ossuary  | Killed a wraith
  3196 | D:4      | Found a runed translucent door.
  3197 | D:4      | Noticed Crazy Yiuf
  3203 | D:4      | Killed Crazy Yiuf
  3237 | D:5      | Entered Level 5 of the Dungeon
  3265 | D:5      | Found a staircase to the Ecumenical Temple.
  3292 | D:5      | Noticed Grinder
  3293 | D:5      | Paralysed by Grinder for 7 turns
  3315 | D:5      | Killed Grinder
  3316 | D:5      | Reached XP level 8. HP: 60/70 MP: 9/9
  3379 | D:5      | Noticed Blork the orc
  3391 | D:5      | Killed Blork the orc
  3403 | D:5      | Reached ***** piety under Jiyva
  3566 | D:5      | Noticed Prince Ribbit
  3578 | D:5      | Killed Prince Ribbit
  4193 | D:6      | Reached XP level 9. HP: 79/79 MP: 11/11
  5168 | D:7      | Noticed Menkaure
  5174 | D:7      | Killed Menkaure
  5447 | D:8      | Reached skill level 5 in Dodging
  5599 | D:8      | Reached skill level 5 in Invocations
  5645 | D:8      | Noticed a centaur warrior
  5646 | D:8      | Noticed a meliai
  5730 | D:8      | Killed a meliai
  5731 | D:8      | Killed a centaur warrior
  5732 | D:8      | Reached XP level 10. HP: 47/90 MP: 10/13
  5809 | D:8      | Noticed a cyclops
  5809 | D:8      | Noticed a two-headed ogre
  5822 | D:8      | Killed a two-headed ogre
  5823 | D:8      | Reached skill level 5 in Armour
  6234 | D:8      | Noticed a two-headed ogre
  6239 | D:8      | Noticed a manticore
  6239 | D:8      | Slain by a cyclops

Illustrated notes

Levels and vault maps discovered:
D:1:      matt_arrival_spirals, layout_basic, basic_ecumenical_altar
D:2:      layout_loops_cross, minmay_misc_feat_columns
D:3:      layout_loops_ring, vehumet_altar_wand_db, serial_shops, shop
D:4:      layout_rooms, enter_ossuary_1, nzn_random_ring,
          uniq_crazy_yiuf_cottage
D:5:      layout_basic, minmay_temple_entry_offerings, eino_curves_04,
          st_stairs_11, chequers_serial_rivers_marsh, uniq_grinder,
          uniq_blork_the_orc, uniq_prince_ribbit1
D:6:      minmay_evil_eye, layout_layer_cave, hangedman_decor_opposing
D:7:      layout_basic, hellmonk_bongcloud_opening, uniq_menkaure
D:8:      nzn_winding_woodlands_stair_cross [nzn_winding_woodlands_5x15_eye,
          nzn_winding_woodlands_center_pierced_h,
          nzn_winding_woodlands_5x15_twine,
          nzn_winding_woodlands_5x5_closed_star,
          nzn_winding_woodlands_5x5_checkerboard,
          nzn_winding_woodlands_5x15_pockets,
          nzn_winding_woodlands_center_triple_pond,
          nzn_winding_woodlands_5x15_sawtooth], layout_loops_cross,
          kennysheep_another_room

Skill      XL: |  1  2  3  4  5  6  7  8  9 10 |
---------------+-------------------------------+-----
Unarmed Combat | 4 5 6 7 9 |  9.7
Dodging        | 3 4 5 |  5.9
Invocations    | 1 2 3 4 5 6 |  6.1
Fighting       | 4 5 6 7 8 9 |  9.6
Armour         | 1 2 3 4 5 |  5.2
Stealth        | |  2.1

Action                   |  1- 3 |  4- 6 |  7- 9 | 10-12 || total
-------------------------+-------+-------+-------+-------++-------
Melee: Unarmed           |   119 |   151 |   345 |    86 ||   701
       Punch             |     8 |     5 |    12 |     5 ||    30
Invok: Oozemancy         |       |       |     1 |     1 ||     2
 Stab: Sleeping          |     2 |       |       |       ||     2
Armor: Robe              |     6 |       |       |       ||     6
       Ring mail         |    18 |    69 |   154 |    23 ||   264
Dodge: Dodged            |    71 |   101 |   225 |    74 ||   471
